 Dungeon Crawl Stone Soup version 0.17-a0-1092-gc664a5b (console) character file.

282 Monkaria the Ruffian (level 6, -5/51 HPs)
             Began as a Demonspawn Chaos Knight on May 20, 2015.
             Killed by nerve-wracking pain
             ... invoked by Menkaure
              (13 damage)
             ... on level 4 of the Dungeon.
             The game lasted 00:06:52 (2771 turns).

Monkaria the Ruffian (Demonspawn Chaos Knight)      Turns: 2771, Time: 00:06:53

Health: -5/51      AC:  7    Str: 17    XL:     6   Next: 6%
Magic:  6/6        EV: 11    Int: 13    God:    Xom [....*.]
Gold:   78         SH:  0    Dex: 12    Spells: 0 memorised, 5 levels left

rFire  . . .     SeeInvis .       - Unarmed
rCold  + . .     Clarity  .     b - +2 leather armour
rNeg   . . .     SustAb   .     (no shield)
rPois  .         Gourm    .     g - +1 hat
rElec  .         Spirit   .     k - +0 cloak
rCorr  .         Warding  .     (no gloves)
rMut   .         Stasis   .     (no boots)
MR     .....                    (no amulet)
Stlth  +.........               (no ring)
                                (no ring)

@: not resistant to hostile enchantments, very unstealthy
A: claws 1, cold resistance 1, robust 1, strong 1, evolution 1
a: Renounce Religion


You were on level 4 of the Dungeon.
You worshipped Xom.
You were a beloved toy of Xom.
You were not hungry.

You visited 1 branch of the dungeon, and saw 4 of its levels.

You collected 78 gold pieces.

Inventory:

Hand weapons
 a - a +0 falchion of chaos
Missiles
 o - 16 poisoned needles
 w - 2 tomahawks (quivered)
Armour
 b - a +2 leather armour (worn)
 g - a +1 hat (worn)
 j - the +0 ring mail "Meuxkeh" {+Blink rC+ rCorr, unknown}
   (You found it on level 4 of the Dungeon)

   It protects you from cold.
   It lets you blink.
   It protects you from acid and corrosion.
 k - a +0 cloak (worn)
 p - a +0 leather armour of cold resistance
Jewellery
 h - an uncursed ring of flight {unknown}
Magical devices
 m - a wand of lightning (9)
Scrolls
 e - 2 scrolls of immolation
 r - 2 scrolls of teleportation
Potions
 f - a potion of brilliance
 s - a potion of magic
 v - a potion of cancellation
 z - a potion of haste {unknown}
Miscellaneous
 l - a stone of tremors
Comestibles
 c - 4 bread rations
 i - a slice of pizza
 n - a chunk of flesh
 u - 12 royal jellies
 x - a meat ration


   Skills:
 - Level 3.6 Fighting
 - Level 2.6 Long Blades
 - Level 1.7 Armour
 - Level 0.8 Dodging
 + Level 5.1 Unarmed Combat


You had 5 spell levels left.
You didn't know any spells.

Dungeon Overview and Level Annotations

Branches:
Dungeon (4/15)
 Temple: D:4-7

Altars:
Ashenzari

Portals:
Sewer: D:4

Annotations:
D:4 Menkaure


Innate Abilities, Weirdness & Mutations

You have sharp fingernails.
Your flesh is cold resistant.
You are robust (+10% HP).
Your muscles are strong. (Str +2)
You evolve.


Message History

The bat hits you but does no damage.
You close the door.
The bat closely misses you.
You closely miss the bat. The bat hits you but does no damage.
The bat hits you but does no damage.
You barely miss the bat. The bat closely misses you. The bat barely misses you.
Menkaure opens the door.
You scratch the bat.
The bat begins to bleed from its wounds!
The bat is severely wounded.
The bat hits you but does no damage. x2
Menkaure calls on the powers of darkness!
Your body is wracked with pain!
* * * LOW HITPOINT WARNING * * *
The bat hits you.
* * * LOW HITPOINT WARNING * * *
The bat misses you.
Menkaure gestures at you while chanting.
Pain shoots through your body!
You die...
Xom laughs nastily!

#.##### #.# ######....... #.#
#........... #.# #..........
#.# +........# #.# #####
#...(....# #.# ....#
#........#### #.# ###.#
#...........# #.# #.#
#....@b.###.## #.# #.#
##M####.###..####.#### #.# #.#
##b###.......#(..
#.#########.###.).#..#####.#..)
#.................#..# #.####
###########.####.M_..# #.#
#############.# #..#..## #.#
............#.# #..#...####.#
.##########.#.# #.###.....M.#


You could see Menkaure and a bat (bleeding).

Vanquished Creatures
  The ghost of kinazarov the Magician, an average DEWz (D:4)
  A hound (D:4)
  Ijyb (D:2)
  2 adders (D:2)
  A gnoll (D:1)
  An ooze (D:4)
  2 worms
  6 giant geckos
  An orc (D:4)
  3 giant cockroaches
  12 goblins
  4 hobgoblins
  5 kobolds
  A ball python (D:3)
  7 bats
  A giant cockroach (shapeshifter) (D:2)
  3 giant newts
  10 jackals
  4 quokkas
  5 rats
71 creatures vanquished.

Notes
Turn   | Place    | Note
--------------------------------------------------------------
     0 | D:1      | Monkaria the Demonspawn Chaos Knight began the quest for the Orb.
     0 | D:1      | Reached XP level 1. HP: 18/18 MP: 1/1
   116 | D:1      | Gained mutation: You have sharp fingernails. [demonic ancestry]
   116 | D:1      | Reached XP level 2. HP: 10/24 MP: 2/2
   547 | D:1      | Reached skill level 1 in Unarmed Combat
   560 | D:1      | XOM: mild Divn miscast
   824 | D:2      | Reached XP level 3. HP: 22/29 MP: 3/3
   908 | D:2      | Noticed Ijyb
   919 | D:2      | Killed Ijyb
   939 | D:2      | XOM: silly message
  1194 | D:1      | XOM: give mutations
  1194 | D:1      | Gained mutation: You are robust (+10% HP). [Xom's grace]
  1194 | D:1      | Gained mutation: Your muscles are strong. (Str +2) [Xom's grace]
  1219 | D:1      | XOM: god gift: stone of tremors
  1249 | D:1      | XOM: harmless Conj miscast
  1266 | D:1      | Reached XP level 4. HP: 35/39 MP: 4/4
  1481 | D:2      | XOM: mild Divn miscast
  1635 | D:2      | XOM: polymorph hobgoblin -> giant newt
  1648 | D:2      | Gained mutation: You evolve. [mutagenic meat]
  1818 | D:2      | XOM: god gift: 11 royal jellies
  2162 | D:3      | XOM: 3-stop teleportation journey
  2177 | D:3      | XOM: stat loss: -1 Int (12/13)
  2358 | D:3      | XOM: colour smoke trail
  2527 | D:4      | Got a jewelled ring mail
  2533 | D:4      | XOM: polymorph orc priest -> ooze
  2537 | D:4      | Gained mutation: Your flesh is cold resistant. [demonic ancestry]
  2537 | D:4      | Reached XP level 5. HP: 25/45 MP: 5/5
  2541 | D:4      | Found a shattered altar of Ashenzari.
  2541 | D:4      | Found a glowing drain.
  2541 | D:4      | XOM: 7-stop teleportation journey
  2626 | D:4      | Noticed kinazarov's ghost (average DEWz)
  2628 | D:4      | XOM: fog
  2643 | D:4      | Killed kinazarov's ghost
  2643 | D:4      | Reached skill level 4 in Unarmed Combat
  2662 | D:4      | Reached skill level 5 in Unarmed Combat
  2662 | D:4      | Reached XP level 6. HP: 18/51 MP: 6/6
  2714 | D:4      | Noticed Menkaure
  2716 | D:4      | XOM: swap monsters
  2719 | D:4      | XOM: polymorph goblin -> quokka
  2747 | D:4      | XOM: polymorph giant gecko -> hobgoblin
  2771 | D:4      | Killed from afar by Menkaure

Vault maps used:
D:1:      elethiomel_arrival_infinity_welcomes_careful_drivers,
          minmay_misc_feat_roman
D:2:      first_bread, uniq_iyjb
D:4:      gup_sewer_entry_glass, cheibrodos_ashenzari_chains, uniq_menkaure

Action                   |  1- 3 |  4- 6 || total
-------------------------+-------+-------++-------
Melee: Falchion          |    76 |    16 ||    92
       Unarmed           |       |   149 ||   149
  Use: Scroll            |       |    10 ||    10
       Potion            |       |     1 ||     1
 Stab: Petrifying        |     1 |       ||     1
       Paralysed         |       |     1 ||     1
  Eat: Chunk             |       |     7 ||     7
